 Dungeon Crawl Stone Soup version 0.29-a0-575-g0dc89cf053 (webtiles) character file.

Game seed: 13734874846971528146

496 greasedhog the Sneak (level 7, -12/50 HPs)
             Began as a Formicid Hunter on June 12, 2022.
             Killed by divine providence
             ... invoked by an orc priest
              (14 damage)
             ... on level 4 of the Dungeon.
             The game lasted 00:07:51 (4660 turns).

greasedhog the Sneak (Formicid Hunter)              Turns: 4660, Time: 00:07:52

Health: -12/50     AC:  5    Str: 16    XL:     7   Next: 38%
Magic:  7/7        EV: 12    Int:  8    God:
Gold:   267        SH:  5    Dex: 16    Spells: 6/6 levels left

rFire   + . .      SeeInvis +   a - +1 hand crossbow
rCold   . . .      Faith    .   (no shield)
rNeg    . . .      Spirit   .   b - +1 leather armour
rPois   +          Reflect  +   (helmet unavailable)
rElec   .          Harm     .   w - +0 cloak
rCorr   .          Rampage  .   (no gloves)
Will    .....      Clarity  +   (no boots)
Stlth   +++.......              d - amulet of reflection
HPRegen 0.16/turn               i - ring of poison resistance
MPRegen 0.10/turn               v - ring of protection from fire

@: no status effects
A: permanent stasis, dig shafts and tunnels, antennae 3, four strong arms,
clarity, deterioration 1
a: Dig, Shaft Self


You were on level 4 of the Dungeon.
You visited 1 branch of the dungeon, and saw 4 of its levels.

You collected 267 gold pieces.

Inventory:

Hand Weapons
 a - a +1 hand crossbow (weapon)
Armour
 b - a +1 leather armour (worn)
 w - a +0 cloak (worn)
Jewellery
 d - an amulet of reflection (around neck)
 i - a ring of poison resistance (left hand)
 v - a ring of protection from fire (right hand)
Wands
 t - a wand of digging (2)
 u - a wand of mindburst (9)
Scrolls
 c - 2 scrolls of immolation
 j - 2 scrolls of poison
 k - a scroll of fear {unknown}
 n - a scroll of fog
 p - a scroll of teleportation {unknown}
 q - a scroll of enchant weapon {unknown}
 r - a scroll of identify
 s - 2 scrolls of blinking {unknown}
Potions
 e - a potion of might {unknown}
 f - 2 potions of lignification {unknown}
 g - a potion of mutation
 h - a potion of degeneration {unknown}
 l - a potion of heal wounds {unknown}
 m - a potion of brilliance {unknown}
 o - a potion of cancellation {unknown}


   Skills:
 - Level 2.1 Fighting
 * Level 6.5 Crossbows
 - Level 1.7 Dodging
 * Level 6.7 Stealth


You had 6 spell levels left.
You didn't know any spells.
Your spell library was empty.

Dungeon Overview and Level Annotations

Branches:
Dungeon (4/15)
 Temple: D:4-7

Altars:
Nemelex Xobeh
Yredelemnul

Shops:
D:3 (   D:4 (


Innate Abilities, Weirdness & Mutations

You cannot be hasted, slowed, berserked, paralysed or teleported.
You can dig through walls and to a lower floor.
You have a pair of large antennae on your head. (SInv)
Your four strong arms can wield two-handed weapons with a shield.
You possess an exceptional clarity of mind.
Your body sometimes deteriorates upon taking damage.


Message History

You shoot a bolt. The bolt barely misses the orc priest.
The orc priest mumbles some strange prayers to Beogh against you.
Beogh smites you! You block the orc priest's attack.
You are too injured to fight recklessly!
You are too injured to fight recklessly!
Shoot: a) +1 hand crossbow
Press: ? - help, Q - select action, (/) - cycle Shift-Dir - straight line, f/p - orc priest
Aim: an orc priest, wielding a +0 trident and wearing a +0 scale mail (heavily wounded, 69% to hit)
You shoot a bolt.
The bolt hits the orc priest but does no damage.
The orc priest is heavily wounded.
The orc priest calls down the wrath of Beogh upon you.
Beogh smites you!
* * * LOW HITPOINT WARNING * * *
The air fills with toxic fumes!
As you read the scroll of poison, it crumbles to dust.
The orc priest looks braver for a moment.
Shoot: a) +1 hand crossbow
Press: ? - help, Q - select action, (/) - cycle Shift-Dir - straight line, f/p - orc priest
Aim: an orc priest, wielding a +0 trident and wearing a +0 scale mail (heavily wounded, 69% to hit)
You shoot a bolt.
The bolt hits the orc priest but does no damage.
The orc priest is heavily wounded.
The orc priest hits you from afar with a +0 trident!
* * * LOW HITPOINT WARNING * * *
Shoot: a) +1 hand crossbow
Press: ? - help, Q - select action, (/) - cycle Shift-Dir - straight line, f/p - orc priest
Aim: an orc priest, wielding a +0 trident and wearing a +0 scale mail (heavily wounded, 69% to hit)
You shoot a bolt. The bolt closely misses the orc priest.
The orc priest misses you.
Shoot: a) +1 hand crossbow
Press: ? - help, Q - select action, (/) - cycle Shift-Dir - straight line, f/p - orc priest
Aim: an orc priest, wielding a +0 trident and wearing a +0 scale mail (heavily wounded, 69% to hit)
You shoot a bolt. The bolt barely misses the orc priest.
You block the orc priest's attack.
It was a potion of mutation.
You feel extremely strange.
Your thoughts seem clearer.
You feel yourself wasting away.
The orc priest mumbles some strange prayers to Beogh against you.
Beogh smites you!
You die...

#.....## §§
..#.#...# #§
#.#.#...# §§
#.#.#...# #§
..#.#...# #o
#.#.#.<.## #o
#.#.......
#§########.#.##..##
#§@§§☼§§§§.#.##..#
##########.#.##..##
#.#.##....
#.#......#
#.####.#.# #.#
#.#.# #.# #.#.#
#.####....
#.....##.#


You could see an orc priest and an orc.

Vanquished Creatures
  Sigmund (D:2)
  Crazy Yiuf (D:4)
  Terence (D:2)
  Natasha (thrice) (D:2)
  An orc wizard (D:3)
  Robin (D:2)
  6 gnolls (D:3)
  An adder (D:2)
  3 dart slugs
  5 orcs
  6 endoplasms
  2 giant cockroaches
  12 hobgoblins
  6 jackals
  2 quokkas
  8 ball pythons
  7 bats
  3 frilled lizards
  16 goblins
  8 kobolds
  6 rats
99 creatures vanquished.

Notes
Turn   | Place    | Note
-------+----------+-------------------------------------------
     0 | D:1      | greasedhog the Formicid Hunter began the quest for the Orb.
     0 | D:1      | Reached XP level 1. HP: 16/16 MP: 1/1
    57 | D:1      | Reached XP level 2. HP: 22/22 MP: 2/2
   412 | D:1      | Reached XP level 3. HP: 24/27 MP: 3/3
   792 | D:1      | Found a faded altar of an unknown god.
  1320 | D:2      | Noticed Sigmund
  1327 | D:2      | Killed Sigmund
  1328 | D:2      | Reached skill level 5 in Crossbows
  1328 | D:2      | Reached skill level 5 in Stealth
  1328 | D:2      | Reached XP level 4. HP: 25/33 MP: 4/4
  1328 | D:2      | Reached XP level 5. HP: 29/38 MP: 5/5
  1328 | D:2      | Reached XP level 6. HP: 34/44 MP: 6/6
  1577 | D:2      | Noticed Natasha
  1625 | D:2      | Noticed Robin
  1633 | D:2      | Killed Robin
  1732 | D:2      | Noticed Terence
  1746 | D:2      | Killed Terence
  1907 | D:2      | Killed Natasha
  2063 | D:2      | Noticed Natasha
  2074 | D:2      | Killed Natasha
  2239 | D:2      | Noticed Natasha
  2243 | D:2      | Killed Natasha
  2681 | D:3      | Reached XP level 7. HP: 33/50 MP: 7/7
  2919 | D:3      | Found a large runed translucent door.
  2919 | D:3      | Found a large runed translucent door.
  3652 | D:3      | Found Pouqa's Antique Weapon Emporium.
  4266 | D:3      | Found a basalt altar of Yredelemnul.
  4273 | D:3      | Found a sparkling altar of Nemelex Xobeh.
  4496 | D:4      | Found Geubunk's Weapon Shop.
  4578 | D:4      | Found a runed translucent door.
  4579 | D:4      | Noticed Crazy Yiuf
  4586 | D:4      | Killed Crazy Yiuf
  4657 | D:4      | HP: 2/50 [orc priest/+0 trident (9)]
  4660 | D:4      | Gained mutation: You possess an exceptional clarity of
                  | mind. [potion of mutation]
  4660 | D:4      | Gained mutation: Your body sometimes deteriorates upon
                  | taking damage. [potion of mutation]
  4660 | D:4      | Killed from afar by an orc priest

Illustrated notes

Levels and vault maps discovered:
D:1:      minmay_arrival_stair_chambers, layout_basic,
          ebering_ecumenical_altar_abandoned, serial_co_window_serial,
          co_window_corner_a, co_window_corner_a, co_window_paths_b,
          co_window_cross_1, co_window_of_opportunity_a, co_window_paths_c,
          co_window_cross_4, co_window_corner_b, co_window_4corner_b,
          glass_columns_a, glass_columns_a, glass_columns_c, glass_columns_a
D:2:      layout_loops_ring, uniq_terence, uniq_robin, uniq_sigmund,
          uniq_natasha
D:3:      layout_basic, jmf_multi_god_temple2, serial_shops,
          nicolae_shop_behind_doors
D:4:      layout_loops_ring, mainiacjoe_overflow_surrounded_room, serial_shops,
          nicolae_shop_behind_doors, hex_tiny, chequers_serial_rivers_room_a,
          uniq_menkaure, uniq_crazy_yiuf_cottage

Skill      XL: |  1  2  3  4  5  6 |
---------------+-------------------+-----
Stealth        | 2 5 6 |  6.7
Crossbows      | 5 6 |  6.5
Fighting       | |  2.1
Dodging        | |  1.7

Action                   |  1- 3 |  4- 6 |  7- 9 || total
-------------------------+-------+-------+-------++-------
 Fire: Hand crossbow     |    92 |   122 |    88 ||   302
Throw: Throwing net      |       |     1 |       ||     1
 Abil: Dig               |     1 |       |     1 ||     2
  Use: Scroll            |     3 |     2 |     1 ||     6
       Potion            |       |       |     1 ||     1
Armor: Leather armour    |     9 |     8 |     2 ||    19
Dodge: Dodged            |    21 |    23 |    16 ||    60
Block: Other             |       |     3 |     8 ||    11
       Reflection        |       |       |     1 ||     1

Table legend: (Time is in decaauts)
 A = Elapsed time spent in this place.
 B = Non-inter-level travel time spent in this place.
 C = Inter-level travel time spent in this place.
 D = Time resting spent in this place.
 E = Time spent auto-exploring this place.
 F = Levels seen in this place.
 G = Mean time per level.
                   A        B        C        D        E       F      G
               +--------+--------+--------+--------+--------+-----+--------+
         Total |   4738 |   4482 |    256 |    514 |   3254 |   4 | 1184.5 |
       Dungeon |   4738 |   4482 |    256 |    514 |   3254 |   4 | 1184.5 |
               +--------+--------+--------+--------+--------+-----+--------+

Top non-repeatable levels by time:
     D:3: 1804 daAuts
     D:1: 1348 daAuts
     D:2: 1254 daAuts
     D:4: 331 daAuts
